 Seeded DCSS version 0.28.0-43-g3370ac3207 (webtiles) character file.

Game seed: 9871404364189446373 (custom seed)

61 croobank the Covered (level 3, -1/31 HPs)
             Began as a Demigod Fighter on Mar 25, 2022.
             Slain by an orc
             ... wielding a +0 club
              (2 damage)
             ... on level 3 of the Dungeon.
             The game lasted 00:05:44 (1887 turns).

croobank the Covered (Demigod Fighter)              Turns: 1887, Time: 00:05:44

Health: -1/31      AC:  6    Str: 21    XL:     3   Next: 58%
Magic:  5/5        EV:  9    Int: 10    God:
Gold:   55         SH:  4    Dex: 13    Spells: 2/2 levels left

rFire   . . .      SeeInvis .   a - +0 war axe
rCold   . . .      Faith    .   c - +0 buckler
rNeg    . . .      Spirit   .   b - +0 scale mail
rPois   .          Reflect  .   (no helmet)
rElec   .          Harm     .   (no cloak)
rCorr   .          Rampage  .   (no gloves)
Will    .....                   (no boots)
Stlth   ..........              (no amulet)
HPRegen 0.10/turn               (no ring)
MPRegen 0.09/turn               (no ring)

@: mighty
A: high MP 1, forlorn, divine attributes
a: no special abilities


You were on level 3 of the Dungeon.
You visited 1 branch of the dungeon, and saw 3 of its levels.

You collected 55 gold pieces.

Inventory:

Hand Weapons
 a - a +0 war axe (weapon)
Missiles
 e - 64 stones (quivered)
 g - 72 arrows
 p - 21 sling bullets
 q - 3 poisoned darts
 s - 2 boomerangs
 t - a throwing net
Armour
 b - a +0 scale mail (worn)
 c - a +0 buckler (worn)
 m - a +0 ring mail
 o - a +0 leather armour
Scrolls
 h - 2 scrolls of teleportation {teleport, unknown}
 i - a scroll of immolation {immolation, unknown}
 j - a scroll of amnesia {amnesia, unknown}
 k - a scroll of holy word {holy word, unknown}
 n - 2 scrolls of identify {identify, unknown}
 u - a scroll of torment {unknown}
Potions
 f - 2 potions of curing {curing, unknown}
 l - a potion of ambrosia {ambrosia, unknown}
 r - 2 potions of attraction {attraction, unknown}


   Skills:
 + Level 3.2 Fighting
 + Level 2.4 Axes
 + Level 3.2 Armour
 + Level 3.1 Shields


You had 2 spell levels left.
You didn't know any spells.
Your spell library was empty.

Dungeon Overview and Level Annotations

Branches:
Dungeon (3/15)


Innate Abilities, Weirdness & Mutations

You have an increased reservoir of magic. (+10% MP)
You shall have no god before yourself.
Your divine heritage dramatically boosts your attributes as you level up.


Message History

Found a scimitar.
There is a stone staircase leading up here.
An orc comes into view. It is wielding a +0 club.
An endoplasm comes into view.
The endoplasm quivers.
The orc hits you but does no damage.
You slash the orc!
You kill the orc!
An orc comes into view. It is wielding a +0 falchion.
You barely miss the orc.
The orc shouts!
The orc hits you with a +0 club. x2
You hit the orc but do no damage.
An orc priest comes into view. It is wielding a +0 falchion.
The orc closely misses you.
Found a scroll labelled GOLIS LINO.
You closely miss the orc. The orc hits you with a +0 club.
You closely miss the orc. You slash the endoplasm!
You kill the endoplasm!
The orc hits you but does no damage. You block the orc's attack.
The orc hits you but does no damage.
The orc priest hits you with a +0 falchion.
You hit the orc priest but do no damage.
You barely miss the orc. You hit the orc. The orc hits you but does no damage.
You block the orc's attack.
The orc priest hits you with a +0 falchion.
The orc hits you with a +0 falchion!
Okay, then.
You feel very mighty all of a sudden. The orc hits you but does no damage.
The orc priest calls down the wrath of Beogh upon you.
Pain shoots through your body!
* * * LOW HITPOINT WARNING * * *
You block the orc's attack.
You hit the orc priest but do no damage.
You hit the orc. You barely miss the orc. The orc hits you but does no damage.
The orc priest closely misses you. The orc hits you with a +0 falchion.
* * * LOW HITPOINT WARNING * * *
The orc hits you with a +0 club.
You die...

#..... .#. #
..... .. . . ?#..
.#.#.# ...##.#..
....... .)..#
#...# #.o#
..#..... . #
#o@####.# .#...#.
....#.###o<.....#
......
....oo)...#####.#
####....
....#####.#
#........ . #.#
#.....#. ...
#..... ####
#..<). #.#.). ..
####


You could see an orc priest and 2 orcs.

Vanquished Creatures
  An adder (D:2)
  A worm (D:2)
  4 orcs (D:3)
  4 ball pythons
  10 endoplasms
  5 goblins
  2 hobgoblins (D:2)
  3 quokkas
  6 bats
  A frilled lizard (D:1)
  2 rats (D:2)
39 creatures vanquished.

Notes
Turn   | Place    | Note
-------+----------+-------------------------------------------
     0 | D:1      | croobank the Demigod Fighter began the quest for the Orb.
     0 | D:1      | Reached XP level 1. HP: 18/18 MP: 3/3
   294 | D:1      | Reached XP level 2. HP: 25/25 MP: 4/4
  1127 | D:2      | Reached XP level 3. HP: 26/31 MP: 5/5
  1887 | D:3      | HP: 1/31 [orc/+0 falchion (4)]
  1887 | D:3      | Slain by an orc

Illustrated notes

Levels and vault maps discovered:
D:1:      onia_arrival_mini_maze_b, layout_basic, bh_walls_and_bars
D:2:      layout_basic, serial_glass, glass_columns_c, glass_columns_b,
          nrook_campfire, minmay_tripent
D:3:      layout_basic, minmay_misc_feat_encased

Skill      XL: |  1  2 |
---------------+-------+-----
Axes           | 2 |  2.4
Armour         | 3 |  3.2
Fighting       | 3 |  3.2
Shields        | 3 |  3.1

Action                   || total
-------------------------++-------
Melee: War axe           ||    82
  Use: Potion            ||     1
Armor: Scale mail        ||    44
Dodge: Dodged            ||    26
Block: Buckler           ||    21
